[Event "Team 45 45 League T55"]
[Site "Internet Chess Club"]
[Date "2012.12.09"]
[Round "4"]
[White "zigzag2002"]
[Black "AVEMARIA"]
[Result "1/2-1/2"]
[WhiteElo "1985"]
[BlackElo "1709"]
[Opening "Sicilian: Alapin's variation (2.c3)"]
[ECO "B22"]
[Time "09:10:29"]
[TimeControl "2700+45"]

1. e4 c5 2. c3 e6 3. d4 d5 4. exd5 exd5 5. Nf3 Nf6 6. Be3 Qc7 7. Bd3 Be7 8. O-O
O-O 9. Re1 Bg4 10. Nbd2 c4 11. Bb1 Nbd7 12. Qc2 Bd6 13. h3 Bh5 14. Nh4 Bf4 15.
b3 b5 16. Nf5 Rfe8 17. Nf1 Bg6 18. Qd2 Bxe3 19. N1xe3 Nb6 20. b4 Qf4 21. g3 Qf3
22. Nh4 Qh5 23. Nxg6 hxg6 24. Kg2 Ne4 25. Bxe4 Rxe4 26. g4 Qg5 27. f3 Re6 28.
Nxc4 Qxd2+ 29. Nxd2 Rae8 30. Kf2 Na4 31. Rxe6 Rxe6 32. Rc1 Nb2 33. Kf1 Nd3 34.
Rd1 Nf4 35. Re1 Ra6 36. Ra1 Re6 37. a4 Ra6 38. a5 Rc6 39. Rc1 Nd3 40. Rc2 Nxb4
41. Rb2 Nd3 42. Rxb5 Rxc3 43. Rb8+ Kh7 44. Rb7 Rc1+ 45. Ke2 Nf4+ 46. Kf2 Rc2 47.
Ke3 Ng2+ 48. Kd3 Ne1+ 49. Ke2 Nxf3 50. Kxf3 Rxd2 51. Rxf7 Rxd4 52. Rxa7 g5 53.
Ra8 Rd3+ 54. Kg2 Ra3 55. a6 d4 56. a7 d3 57. Kf2 Ra2+ 58. Ke1 Kg6 59. Kd1 Kh7
60. Rd8 Rxa7 61. Rxd3 Re7 62. Kd2 Re6 63. Re3 Rxe3 64. Kxe3 Kg6 65. Kd4 Kf7 66.
Kd5 Ke7 67. Ke5 g6 68. Kd5 Kd7 69. Ke5 Ke7 70. Kd5 Kd7 71. Kd4 Kd6 72. Ke4 Ke6
73. Kd4 Kd6 74. Ke4 Ke6 75. Kd4 Kd6 76. Ke4 Ke6 {Game drawn by repetition}
1/2-1/2

[Event "Team 45 45 League T55"]
[Site "Internet Chess Club"]
[Date "2012.12.05"]
[Round "4"]
[White "Kingofknights"]
[Black "Joeohio"]
[Result "1/2-1/2"]
[WhiteElo "1542"]
[BlackElo "1466"]
[Opening "QGD: Manhattan variation"]
[ECO "D51"]
[Time "20:03:18"]
[TimeControl "2700+45"]

1. d4 d5 2. c4 e6 3. Nc3 Nf6 4. Bg5 Nbd7 5. e3 Bb4 6. cxd5 exd5 7. Qc2 c5 8.
dxc5 Nxc5 9. Bb5+ Bd7 10. Bxd7+ Ncxd7 11. Ne2 Rc8 12. Qb3 Nc5 13. Qd1 Nce4 14.
Bxf6 Qxf6 15. O-O Nxc3 16. bxc3 Bxc3 17. Rc1 O-O 18. Nxc3 Rxc3 19. Rxc3 Qxc3 20.
Qxd5 Qb2 21. Rd1 h6 22. g3 Qb6 23. Rd2 Re8 24. e4 Qb1+ 25. Kg2 Qxe4+ 26. Qxe4
Rxe4 27. Rd8+ Kh7 28. Rd7 Re2 29. Rxb7 Rxa2 30. Rxf7 a5 31. Ra7 a4 32. h4 a3 33.
h5 Ra1 34. g4 a2 35. f4 Kg8 36. g5 Kf8 37. g6 Ke8 38. f5 Kf8 39. Ra6 Ke7 40.
Re6+ Kd7 41. Ra6 Ke7 42. Re6+ Kf8 43. Ra6 Ke7 {Game drawn by repetition} 1/2-1/2

[Event "Team 45 45 League T55"]
[Site "Internet Chess Club"]
[Date "2012.12.07"]
[Round "4"]
[White "iceface"]
[Black "tightfist"]
[Result "1/2-1/2"]
[WhiteElo "1680"]
[BlackElo "1609"]
[Opening "Queen's Indian accelerated"]
[ECO "E12"]
[Time "19:01:10"]
[TimeControl "2700+45"]

1. d4 Nf6 2. c4 b6 3. Nc3 Bb7 4. Nf3 e6 5. Bg5 Be7 6. e3 O-O 7. Be2 Nc6 8. O-O
d5 9. Nd2 Na5 10. cxd5 Nxd5 11. Bxe7 Qxe7 12. Nxd5 exd5 13. Bd3 f5 14. Re1 c5
15. dxc5 Qxc5 16. Qc2 Rac8 17. Rac1 Qb4 18. Qd1 Qxb2 19. Rxc8 Bxc8 20. a4 g6 21.
Nf3 Bd7 22. Bc2 Be6 23. Nd4 Bf7 24. Nb5 Nc6 25. Bb3 Qe5 26. Qc1 Na5 27. Ba2 a6
28. Nd4 Qd6 29. Qb2 Nc4 30. Qe2 Rc8 31. Rd1 Qb4 32. Bb3 b5 33. axb5 axb5 34. Qa2
Qc5 35. Qa6 Rb8 36. Qf6 Qb6 37. Qg5 Kg7 38. Nxf5+ Kh8 39. Nh6 Kg7 40. Nxf7 Kxf7
41. Qxd5+ Qe6 42. Bxc4 bxc4 43. Qd4 Rc8 44. Rc1 h5 45. Kf1 g5 46. f3 Kg6 47. Kf2
Qc6 48. g3 c3 49. Qe4+ Qxe4 50. fxe4 g4 51. Ke2 Kf6 52. Kd3 Ke5 53. Rc2 Rd8+ 54.
Ke2 Rc8 55. Kd3 Rd8+ 56. Ke2 Rc8 57. Kd3 Rd8+ 58. Ke2 Rc8 59. Kd3 Rd8+ 60. Ke2
Rc8 61. Kd3 Rd8+ 62. Ke2 {Game drawn by repetition} 1/2-1/2

[Event "Team 45 45 League T55"]
[Site "Internet Chess Club"]
[Date "2012.12.08"]
[Round "4"]
[White "whiskeytown"]
[Black "vjbaker"]
[Result "1/2-1/2"]
[WhiteElo "1569"]
[BlackElo "1519"]
[Opening "Sicilian: Nimzovich-Rossolimo attack (without ...d6)"]
[ECO "B30"]
[Time "19:00:35"]
[TimeControl "2700+45"]

1. e4 c5 2. Nf3 Nc6 3. Bb5 d6 4. O-O Bd7 5. d3 g6 6. Nc3 Bg7 7. Bd2 a6 8. Bxc6
Bxc6 9. Rb1 Nf6 10. Re1 O-O 11. Ne2 b5 12. Qc1 Re8 13. Bh6 Qa5 14. b3 Nd7 15.
Bxg7 Kxg7 16. Ng3 Rg8 17. h4 Kf8 18. Qb2 e5 19. c3 Ke7 20. d4 f6 21. dxe5 fxe5
22. Rbd1 Nf6 23. Qd2 Qc7 24. Qg5 Raf8 25. Qd2 Nh5 26. Qg5+ Nf6 27. Qd2 Nh5 28.
Qg5+ Nf6 29. Qd2 {Game drawn by repetition} 1/2-1/2

[Event "Team 45 45 League T55"]
[Site "Internet Chess Club"]
[Date "2012.12.08"]
[Round "4"]
[White "Zumbi"]
[Black "nurmi"]
[Result "1-0"]
[WhiteElo "2233"]
[BlackElo "1959"]
[Opening "Grünfeld: Russian variation"]
[ECO "D96"]
[Time "12:07:02"]
[TimeControl "2700+45"]

1. d4 Nf6 2. c4 g6 3. Nc3 d5 4. Nf3 Bg7 5. Qb3 c6 6. cxd5 cxd5 7. Bg5 e6 8. e3
O-O 9. Bd3 Nc6 10. Rc1 Bd7 11. O-O Na5 12. Qa3 Qb6 13. Ne5 Bc6 14. Na4 Qc7 15.
b4 Nc4 16. Nxc4 dxc4 17. Bxc4 Ne4 18. Bf4 Qe7 19. Bd3 Nf6 20. Be5 a5 21. Nc5
axb4 22. Qxb4 Rxa2 23. Bc4 Raa8 24. Rb1 Nd5 25. Bxd5 Bxd5 26. Bxg7 Kxg7 27. e4
Bc6 28. d5 exd5 29. exd5 {Black resigns} 1-0

[Event "Team 45 45 League T55"]
[Site "Internet Chess Club"]
[Date "2012.12.09"]
[Round "4"]
[White "Tobiasdelmonte"]
[Black "poni"]
[Result "1-0"]
[WhiteElo "1834"]
[BlackElo "1873"]
[Opening "Philidor: Improved Hanham variation"]
[ECO "B07"]
[Time "11:01:32"]
[TimeControl "2700+45"]

1. e4 d6 2. d4 Nf6 3. Nc3 e5 4. Nf3 Nbd7 5. dxe5 dxe5 6. Bc4 Bb4 7. O-O c6 8.
Qe2 O-O 9. Rd1 Qc7 10. h3 Nc5 11. Bg5 Qe7 12. Qe3 b5 13. Bb3 a5 14. a3 Nxb3 15.
cxb3 Bd6 16. Rd2 h6 17. Rad1 Bc7 18. Bh4 Be6 19. Ne2 Rfc8 20. Ng3 Kh7 21. Nh5
Rg8 22. Rd3 g5 23. Nxf6+ Qxf6 24. Bg3 Rab8 25. Qc5 Bb6 26. Qxe5 Qg6 27. Qc3 Qxe4
28. Bxb8 Rxb8 29. Re1 Qf4 30. Rxe6 fxe6 31. Rd7+ Kg6 32. Rg7+ {Black resigns}
1-0

[Event "Team 45 45 League T55"]
[Site "Internet Chess Club"]
[Date "2012.12.07"]
[Round "4"]
[White "pkktet"]
[Black "FourKnights"]
[Result "1/2-1/2"]
[WhiteElo "1809"]
[BlackElo "1758"]
[Opening "Sicilian: Canal-Sokolsky attack, 3...Bd7"]
[ECO "B52"]
[Time "12:06:45"]
[TimeControl "2700+45"]

1. e4 c5 2. Nf3 d6 3. Bb5+ Bd7 4. Bxd7+ Qxd7 5. O-O Nf6 6. Re1 e6 7. c3 Nc6 8.
d4 cxd4 9. cxd4 Be7 10. d5 Ne5 11. dxe6 Nxf3+ 12. Qxf3 fxe6 13. Nc3 O-O 14. Qd3
Rad8 15. f3 Qc6 16. Be3 a6 17. Rac1 Qd7 18. Red1 b5 {Game drawn by mutual
agreement} 1/2-1/2

[Event "Team 45 45 League T55"]
[Site "Internet Chess Club"]
[Date "2012.12.07"]
[Round "4"]
[White "Shijith"]
[Black "SlimeDog2"]
[Result "1-0"]
[WhiteElo "2043"]
[BlackElo "2097"]
[Opening "QGD semi-Slav: Meran, Wade variation"]
[ECO "D47"]
[Time "20:13:13"]
[TimeControl "2700+45"]

1. d4 d5 2. c4 c6 3. Nf3 Nf6 4. Nc3 e6 5. e3 Nbd7 6. Bd3 dxc4 7. Bxc4 b5 8. Bd3
Bb7 9. O-O a6 10. e4 c5 11. d5 b4 12. dxe6 fxe6 13. Ne2 Nxe4 14. Nf4 Ng5 15.
Nxg5 Qxg5 16. Re1 Be7 17. f3 Ne5 18. Nxe6 Qf6 19. Nc7+ Kf7 20. Qb3+ c4 21. Bxc4+
Kg6 22. Nxa8 Bc5+ 23. Be3 {Black resigns} 1-0

[Event "Team 45 45 League T55"]
[Site "Internet Chess Club"]
[Date "2012.12.13"]
[Round "4"]
[White "cysk"]
[Black "seikster"]
[Result "1/2-1/2"]
[WhiteElo "1770"]
[BlackElo "1855"]
[Opening "French: advance, Paulsen attack"]
[ECO "C02"]
[Time "20:10:58"]
[TimeControl "2700+45"]

1. e4 e6 2. d4 d5 3. e5 c5 4. c3 Nc6 5. Nf3 Qb6 6. a3 c4 7. Nbd2 Na5 8. Be2 Ne7
9. O-O Ng6 10. Re1 Bd7 11. Rb1 Be7 12. Nf1 Bxa3 13. b4 Bxc1 14. Qxc1 Nb3 15. Qe3
O-O 16. Bd1 Ba4 17. Bc2 a5 18. bxa5 Qxa5 19. Ng3 b5 20. Nh5 Nc5 21. Bxg6 fxg6
22. Nxg7 Nd3 23. Nxe6 Nxe1 24. Rxe1 Rfe8 25. Nf4 b4 26. cxb4 Qd8 27. e6 Qd6 28.
Qe5 Qxe5 29. Nxe5 Rac8 30. Ng4 Kg7 31. Ne3 {Game drawn by mutual agreement}
1/2-1/2

[Event "Team 45 45 League T55"]
[Site "Internet Chess Club"]
[Date "2012.12.06"]
[Round "4"]
[White "Nb4"]
[Black "bgolev"]
[Result "1-0"]
[WhiteElo "1950"]
[BlackElo "1803"]
[Opening "Nimzo-Indian: classical, 4...c5"]
[ECO "E38"]
[Time "22:03:20"]
[TimeControl "2700+45"]

1. d4 Nf6 2. c4 e6 3. Nc3 Bb4 4. Qc2 c5 5. dxc5 Bxc5 6. Nf3 O-O 7. Bg5 Bb4 8. e4
d6 9. Bd3 h6 10. Bh4 Nbd7 11. a3 Bxc3+ 12. Qxc3 Qc7 13. O-O b6 14. Bxf6 Nxf6 15.
e5 dxe5 16. Qxe5 Qxe5 17. Nxe5 Bb7 18. Rfd1 Rfd8 19. Rac1 Rac8 20. b4 Be4 21. c5
bxc5 22. Ba6 Rxd1+ 23. Rxd1 Rc7 24. Rc1 Kf8 25. f3 Bd5 26. Rxc5 Rxc5 27. bxc5
Ke7 28. Kf2 Nd7 29. Nd3 Kd8 30. Ke3 Kc7 31. Kd4 f6 32. Nb4 Bb3 33. Bc4 Bxc4 34.
Kxc4 a5 35. Nc2 e5 36. Kb5 f5 37. Ne3 g6 38. Nd5+ Kc8 39. c6 Nf8 40. Kxa5 e4 41.
fxe4 fxe4 42. Kb6 Ne6 43. a4 Nc7 44. Nxc7 e3 45. Nb5 e2 46. Nd6+ Kd8 47. c7+ Kd7
48. c8=Q+ Kxd6 {Black resigns} 1-0

[Event "Team 45 45 League T55"]
[Site "Internet Chess Club"]
[Date "2012.12.07"]
[Round "4"]
[White "Portola"]
[Black "kabindra"]
[Result "1-0"]
[WhiteElo "1796"]
[BlackElo "1720"]
[Opening "King's Indian: London system"]
[ECO "A48"]
[Time "09:08:54"]
[TimeControl "2700+45"]

1. d4 Nf6 2. Nf3 g6 3. Bf4 Bg7 4. h3 O-O 5. e3 d6 6. Bc4 Nc6 7. Nbd2 Nh5 8. Bh2
a6 9. a4 d5 10. Be2 Nf6 11. c3 Re8 12. Bd3 Nd7 13. Qb3 e6 14. O-O Na5 15. Qc2
Nb6 16. Ne5 f6 17. b4 fxe5 18. bxa5 Nd7 19. Nb3 e4 20. Be2 b6 21. Rab1 e5 22.
Rfd1 Rf8 23. c4 Qf6 24. Bf1 exd4 25. Nxd4 Nc5 26. Bxc7 Nd3 27. Rd2 bxa5 28. Bxd3
exd3 29. Qxd3 Qg5 30. Bg3 dxc4 31. Qxc4+ Kh8 32. Nf3 Qf5 33. Rbd1 Be6 34. Qh4
Bf6 35. Qh6 Bb3 36. Rd7 Rf7 37. Rxf7 Bxf7 38. Rc1 Bg7 39. Qf4 Qxf4 40. Bxf4 Bb3
41. Bc7 Rc8 42. Ng5 Be5 43. Bxe5+ {Black resigns} 1-0

[Event "Team 45 45 League T55"]
[Site "Internet Chess Club"]
[Date "2012.12.09"]
[Round "4"]
[White "koni"]
[Black "H2-0"]
[Result "1-0"]
[WhiteElo "1886"]
[BlackElo "1819"]
[Opening "Réti: King's Indian attack (Barcza system)"]
[ECO "A07"]
[Time "14:01:08"]
[TimeControl "2700+45"]

1. Nf3 d5 2. g3 Nf6 3. Bg2 Bf5 4. b3 e6 5. O-O Be7 6. Bb2 O-O 7. d3 c5 8. Nbd2
Nc6 9. Nh4 Bg4 10. h3 Bh5 11. a3 Ne8 12. Nhf3 f5 13. Qe1 Nd6 14. e4 fxe4 15.
dxe4 d4 16. Rd1 e5 17. Bc1 Bf7 18. Nh2 c4 19. b4 c3 20. Ndf3 Bc4 21. Ng4 Bxf1
22. Kxf1 Qb6 23. Ngxe5 Nxe5 24. Nxe5 Qb5+ 25. Nd3 Rae8 26. Kg1 Nc4 27. Nf4 Qe5
28. Nd5 g5 29. Qe2 Nb6 30. Nxb6 axb6 31. Qc4+ Kh8 32. Rxd4 Rc8 33. Qd3 Rfd8 34.
Be3 Bf6 35. Rd5 Rxd5 36. exd5 Qd6 37. Qb5 Bd8 38. Qe8+ Kg7 39. Bd4+ Kh6 40. g4
Qg6 41. Qf8+ {Black resigns} 1-0

[Event "Team 45 45 League T55"]
[Site "Internet Chess Club"]
[Date "2012.12.08"]
[Round "4"]
[White "MarshKnight"]
[Black "John3v16"]
[Result "0-1"]
[WhiteElo "1549"]
[BlackElo "1723"]
[Opening "Sicilian defense"]
[ECO "B20"]
[Time "23:31:05"]
[TimeControl "2700+45"]

1. e4 c5 2. d3 Nc6 3. g3 Nf6 4. Bg2 d5 5. Qe2 e5 6. c3 dxe4 7. dxe4 Bg4 8. Nf3
Be7 9. h3 Be6 10. O-O h6 11. Rd1 Qc8 12. Na3 Bxh3 13. Bxh3 Qxh3 14. Qb5 O-O 15.
Qxb7 Rfc8 16. Be3 Nxe4 17. Nxe5 Nxg3 18. fxg3 Qxg3+ 19. Kh1 Qh3+ 20. Kg1 Qxe3+
21. Kh1 Qxe5 22. Re1 Qh5+ 23. Kg1 Qg4+ 24. Kh1 Qf3+ 25. Kg1 Rab8 26. Qd7 Rd8 27.
Qc7 Rd2 {White resigns} 0-1

[Event "Team 45 45 League T55"]
[Site "Internet Chess Club"]
[Date "2012.12.09"]
[Round "4"]
[White "TwoEqualsOne"]
[Black "subterfuge"]
[Result "1-0"]
[WhiteElo "1897"]
[BlackElo "1730"]
[Opening "Nimzo-Indian: Sämisch variation"]
[ECO "E27"]
[Time "17:06:31"]
[TimeControl "2700+45"]

1. d4 Nf6 2. c4 e6 3. Nc3 Bb4 4. a3 Bxc3+ 5. bxc3 O-O 6. Nf3 Ne4 7. Qc2 f5 8.
Nd2 Nf6 9. e4 fxe4 10. Nxe4 d5 11. Nxf6+ Qxf6 12. Bd3 e5 13. O-O e4 14. Be2 c6
15. cxd5 cxd5 16. Qb3 Be6 17. f3 Qg6 18. fxe4 Rxf1+ 19. Bxf1 Qf7 20. e5 Nc6 21.
Be3 Rc8 22. Be2 Na5 23. Qb2 Nc4 24. Bxc4 Rxc4 25. Rf1 Qc7 26. Qf2 Qe7 27. Qb2
Qc7 28. Qb5 Rc6 29. c4 a6 30. Qb4 Qc8 31. c5 Bf5 32. Bg5 Rg6 33. Be7 h5 34. Qd2
Be4 35. Rf8+ Qxf8 36. Bxf8 Kxf8 37. g3 h4 38. Qf4+ Kg8 39. Qxh4 Rc6 40. Qe7 Kh7
41. Qxb7 {Black resigns} 1-0

[Event "Team 45 45 League T55"]
[Site "Internet Chess Club"]
[Date "2012.12.09"]
[Round "4"]
[White "scottk74"]
[Black "Sir-Sinister"]
[Result "1/2-1/2"]
[WhiteElo "1768"]
[BlackElo "2026"]
[Opening "Ruy Lopez: Bird's defense"]
[ECO "C61"]
[Time "12:00:49"]
[TimeControl "2700+45"]

1. e4 Nc6 2. Nf3 e5 3. Bb5 Nd4 4. Nxd4 exd4 5. O-O Bc5 6. Bc4 d6 7. d3 Ne7 8.
Bg5 O-O 9. Qh5 Be6 10. Qh4 Re8 11. Bxe6 fxe6 12. f4 Qd7 13. Rf3 Ng6 14. Qh5 Qf7
15. Nd2 Ne5 16. Qxf7+ Nxf7 17. Raf1 d5 18. Nb3 Bb6 19. e5 c5 20. Bh4 Nh6 21. Nd2
Rac8 22. Bf2 Ng4 23. h3 Nxf2 24. Kxf2 Rf8 25. Ke2 g6 26. g4 Rc7 27. f5 exf5 28.
gxf5 Re8 29. e6 gxf5 30. Rxf5 Rxe6+ 31. Kd1 Rd6 32. Nf3 Re7 33. Ne5 Rh6 34. Rg1+
Rg7 35. Rgf1 Re7 36. Rg1+ {Game drawn by mutual agreement} 1/2-1/2

[Event "Team 45 45 League T55"]
[Site "Internet Chess Club"]
[Date "2012.12.08"]
[Round "4"]
[White "MeoPatacca"]
[Black "zap2"]
[Result "1-0"]
[WhiteElo "1865"]
[BlackElo "1839"]
[Opening "Queen's pawn: London system"]
[ECO "A45"]
[Time "15:20:31"]
[TimeControl "2700+45"]

1. d4 Nf6 2. Bf4 d5 3. e3 e6 4. Nd2 c6 5. Bd3 Nbd7 6. Ngf3 Nh5 7. Bg5 Qb6 8. Rb1
h6 9. Bh4 g5 10. Ne5 Nxe5 11. dxe5 gxh4 12. Qxh5 Bg7 13. Nf3 Qa5+ 14. c3 Qxa2
15. Qxh4 Qa5 16. Qg4 O-O 17. Qh5 Qc7 18. g4 f5 19. gxf5 exf5 20. Rg1 Kh8 21. Nh4
Qf7 22. Ng6+ Kg8 23. f4 Bd7 24. Qh4 Rfe8 25. Kd2 c5 26. Qh3 Rac8 27. Nh4 Rf8 28.
Rg6 Rc6 29. Rbg1 Rxg6 30. Rxg6 Kh7 31. Qg3 Rg8 32. Qg2 Be6 33. Rg3 Qd7 34. Qh3
Rf8 35. Nf3 b5 36. Ng5+ Kg8 37. Nxe6 Qxe6 38. Qh5 Kh7 39. Rg5 Kg8 40. Bxf5 Qf7
41. Bg6 Qd7 42. Rg3 d4 43. Be4 dxe3+ 44. Kxe3 Kh8 45. Qg6 Bxe5 46. Qxh6+ {Black
resigns} 1-0

[Event "Team 45 45 League T55"]
[Site "Internet Chess Club"]
[Date "2012.12.06"]
[Round "4"]
[White "camerons"]
[Black "Morphing"]
[Result "0-1"]
[WhiteElo "1742"]
[BlackElo "1741"]
[Opening "Queen's pawn: London system"]
[ECO "A45"]
[Time "03:09:22"]
[TimeControl "2700+45"]

1. d4 Nf6 2. Bf4 e6 3. e3 Nd5 4. Bg3 b6 5. e4 Nf6 6. Bd3 Bb7 7. Nd2 c5 8. c3
cxd4 9. cxd4 Bb4 10. f3 Nh5 11. Ne2 Nxg3 12. Nxg3 Nc6 13. Ne2 Qh4+ 14. g3 Qf6
15. e5 Qxf3 {White resigns} 0-1

[Event "Team 45 45 League T55"]
[Site "Internet Chess Club"]
[Date "2012.12.11"]
[Round "4"]
[White "SirIvanhoe"]
[Black "latayvia"]
[Result "0-1"]
[WhiteElo "1519"]
[BlackElo "1748"]
[Opening "Sicilian: closed"]
[ECO "B24"]
[Time "14:01:26"]
[TimeControl "2700+45"]

1. e4 c5 2. Nc3 Nc6 3. g3 g6 4. Bg2 Bg7 5. d3 a6 6. Be3 Qa5 7. Qd2 Nb4 8. a3
Bxc3 9. bxc3 Nc6 10. Nf3 Nf6 11. h3 O-O 12. O-O d6 13. Rfb1 e5 14. Bg5 Nd7 15.
Bh6 Re8 16. c4 Qxd2 17. Bxd2 Rb8 18. Ra2 b5 19. cxb5 axb5 20. Rab2 Ba6 21. h4 f6
22. Bh3 Nb6 23. Bf1 Na4 24. Rb3 Rbc8 25. c4 bxc4 26. dxc4 Rb8 27. Be1 Kf7 28.
Be2 Rxb3 29. Rxb3 Rb8 30. Rxb8 Nxb8 31. Kf1 Nc6 32. Kg1 Nd4 33. Nxd4 exd4 34.
Bd2 Nb2 35. Bf4 Ke7 36. Kf1 d3 37. Bxd3 Nxd3 38. Ke2 Bxc4 39. Ke3 Nxf4 40. gxf4
Kd7 41. Kd2 Kc6 42. Kc3 Be2 43. Kd2 Bf3 44. Ke3 Bxe4 45. Kxe4 d5+ 46. Kd3 Kb5
{White resigns} 0-1

[Event "Team 45 45 League T55"]
[Site "Internet Chess Club"]
[Date "2012.12.09"]
[Round "4"]
[White "badmove"]
[Black "ChessMaine"]
[Result "1-0"]
[WhiteElo "1702"]
[BlackElo "1452"]
[Opening "QGD: Lasker defense"]
[ECO "D56"]
[Time "17:10:13"]
[TimeControl "2700+45"]

1. d4 d5 2. c4 e6 3. Nc3 Nf6 4. Nf3 Be7 5. Bg5 O-O 6. e3 h6 7. Bh4 Ne4 8. Bxe7
Qxe7 9. Rc1 Nd7 10. cxd5 Nxc3 11. Rxc3 Qb4 12. dxe6 fxe6 13. Qc2 c6 14. Bd3 Nb6
15. a3 Qe7 16. Ne5 Qg5 17. g3 Nd5 18. Rc5 Nxe3 19. Bh7+ Kh8 20. Ng6+ Kxh7 21.
Nxf8+ Kg8 22. Qh7+ Kxf8 23. Qh8+ Kf7 24. Rxg5 Nc2+ 25. Kd2 hxg5 26. Kxc2 e5 27.
Kc3 exd4+ 28. Kxd4 c5+ 29. Ke5 b5 30. Qh5+ g6 31. Qf3+ {Black resigns} 1-0

[Event "Team 45 45 League T55"]
[Site "Internet Chess Club"]
[Date "2012.12.10"]
[Round "4"]
[White "Ocius"]
[Black "houseofcook"]
[Result "0-1"]
[WhiteElo "1217"]
[BlackElo "1502"]
[Opening "French: advance, Nimzovich system"]
[ECO "C02"]
[Time "12:00:12"]
[TimeControl "2700+45"]

1. e4 e6 2. d4 d5 3. e5 c5 4. Nf3 Nc6 5. Be3 Qb6 6. Be2 Bd7 7. Nc3 cxd4 8. Nxd4
Nxd4 9. Bxd4 Bc5 10. Bxc5 Qxc5 11. O-O Ne7 12. a4 a6 13. Qd2 Ng6 14. Qg5 h6 15.
Qg3 O-O 16. Rad1 Bc6 17. Bf3 Qb4 18. Rd4 Qxb2 19. Ne2 Qxc2 20. Bg4 Rae8 21. Bh5
Qf5 22. Bxg6 fxg6 23. Rf4 Qc2 24. Nd4 Qc5 25. Qxg6 Rxf4 26. Nxe6 Rxe6 27. Qxe6+
Kh7 28. g3 Rf8 29. h4 Be8 30. g4 Bf7 31. Qd7 Qc8 32. Qe7 Qxg4+ 33. Kh2 Qf4+ 34.
Kg2 Bg6 35. e6 Qf3+ 36. Kg1 Be4 37. Qxf8 Qxf8 38. f3 Bf5 39. Re1 Qe7 40. Kg2
Bxe6 41. Rc1 Qxh4 42. Rh1 Qg5+ 43. Kf2 d4 44. Rh2 Qe3+ 45. Kg3 d3 46. Rh4 Qe1+
47. Kg2 Qxh4 {White resigns} 0-1

[Event "Team 45 45 League T55"]
[Site "Internet Chess Club"]
[Date "2012.12.07"]
[Round "4"]
[White "Visin"]
[Black "globulon"]
[Result "0-1"]
[WhiteElo "1312"]
[BlackElo "1251"]
[Opening "English: symmetrical variation"]
[ECO "A36"]
[Time "08:00:44"]
[TimeControl "2700+45"]

1. c4 c5 2. Nc3 Nc6 3. g3 e5 4. Bg2 Nf6 5. e3 d6 6. Nge2 Bg4 7. b3 Qd7 8. O-O
Bh3 9. Re1 Nb4 10. e4 Nd3 11. Rf1 Bxg2 12. Kxg2 h5 13. Qc2 Nb4 14. Qb1 h4 15. a3
hxg3 16. Rh1 Qh3+ 17. Kg1 gxf2+ 18. Kxf2 Ng4+ 19. Ke1 Qf3 20. Rf1 Nd3+ 21. Kd1
Qxf1+ 22. Kc2 Rh3 23. Ng3 Ne3+ 24. dxe3 Rxh2+ 25. Nce2 Rxe2+ 26. Nxe2 Qxe2+ 27.
Kc3 d5 28. Qxd3 d4+ 29. exd4 exd4+ 30. Qxd4 cxd4+ 31. Kxd4 {White resigns} 0-1

[Event "Team 45 45 League T55"]
[Site "Internet Chess Club"]
[Date "2012.12.08"]
[Round "4"]
[White "clarinetref"]
[Black "rahulr"]
[Result "1-0"]
[WhiteElo "1729"]
[BlackElo "1526"]
[Opening "English opening"]
[ECO "A05"]
[Time "21:35:06"]
[TimeControl "2700+45"]

1. Nf3 Nf6 2. c4 e6 3. g3 c5 4. Bg2 Nc6 5. O-O b6 6. d4 Bb7 7. Nc3 Qc7 8. Nb5
Qd8 9. Bf4 d6 10. dxc5 e5 11. Nxe5 dxe5 12. Bxe5 Nxe5 13. Bxb7 Rb8 14. Qxd8+
Rxd8 15. Rfd1 Bxc5 16. Rxd8+ Kxd8 17. Rd1+ Ke7 18. Nxa7 Nxc4 19. Nc6+ Ke6 20. b4
Bd6 21. Ba6 Ne5 22. Nd4+ Ke7 23. Nf5+ Ke6 24. Nxg7+ Ke7 25. Nf5+ Ke6 26. Nd4+
Ke7 27. f4 Neg4 28. h3 Ne3 29. Rd3 Nfd5 30. a3 Rg8 31. Kf2 Ra8 32. Bb7 Rg8 33.
Nb5 Ke6 34. Bxd5+ Nxd5 35. e4 Nf6 36. Rxd6+ Ke7 37. Kf3 Nd7 38. Rh6 {Black
resigns} 1-0

[Event "Team 45 45 League T55"]
[Site "Internet Chess Club"]
[Date "2012.12.16"]
[Round "4"]
[White "Check101"]
[Black "PostMike"]
[Result "0-1"]
[WhiteElo "1617"]
[BlackElo "1472"]
[Opening "Sicilian"]
[ECO "B50"]
[Time "14:44:21"]
[TimeControl "2700+45"]

1. e4 c5 2. Nf3 d6 3. c3 Nf6 4. Be2 Nc6 5. d4 e6 6. Nbd2 Be7 7. O-O O-O 8. Re1
a6 9. Bd3 b5 10. b3 d5 11. exd5 Nxd5 12. Qc2 h6 13. Ne4 cxd4 14. a3 dxc3 15.
Nxc3 Nxc3 16. Qxc3 Bf6 17. Qxc6 Bxa1 18. Bxb5 Rb8 19. Bc4 Bb7 20. Qc5 Bxf3 21.
gxf3 Qf6 22. Qh5 Bb2 23. Be3 Bxa3 24. Rd1 Rfd8 25. Rxd8+ Rxd8 26. Bxa6 Qg6+ 27.
Qxg6 fxg6 28. Bc4 Kf7 29. Kf1 Bb2 30. b4 Bd4 31. Ke2 Bxe3 32. fxe3 Ke7 33. b5
Rb8 34. Kd3 Kd6 35. Kd4 e5+ 36. Ke4 Rc8 37. Bf7 Rc5 38. b6 Rb5 39. Bxg6 Rxb6 40.
h4 Rb4+ 41. Kf5 Rxh4 42. f4 exf4 43. exf4 Rh2 44. Be8 Ke7 {White resigns} 0-1

[Event "Team 45 45 League T55"]
[Site "Internet Chess Club"]
[Date "2012.12.06"]
[Round "4"]
[White "jjaillet2007"]
[Black "Conjurer"]
[Result "1-0"]
[WhiteElo "1426"]
[BlackElo "1485"]
[Opening "QGD semi-Slav"]
[ECO "D43"]
[Time "21:57:09"]
[TimeControl "2700+45"]

1. d4 d5 2. Nf3 Nf6 3. c4 c6 4. Nc3 e6 5. cxd5 cxd5 6. Bg5 Be7 7. e3 O-O 8. Bd3
Nc6 9. O-O a6 10. Rc1 Bd7 11. Bb1 Rc8 12. a3 b5 13. Qd3 g6 14. h4 Nh5 15. Bxe7
Nxe7 16. Ne2 Nf5 17. g3 Nd6 18. Ng5 Nf6 19. Nc3 Qe7 20. e4 Nc4 21. exd5 Nxd5 22.
Nxd5 exd5 23. Rfe1 Qd6 24. b4 Bf5 25. Qf3 Nd2 26. Qd1 Rxc1 27. Qxd2 Rxe1+ 28.
Qxe1 Bxb1 29. Qxb1 Qf6 30. Qd1 Re8 31. Kg2 h6 32. Nf3 Re5 33. dxe5 Qe6 34. Qd4
Qc6 35. Qc5 Qxc5 36. bxc5 Kf8 37. Nd4 Ke7 38. f4 Kd7 39. f5 g5 40. hxg5 hxg5 41.
Kf3 {Black resigns} 1-0

[Event "Team 45 45 League T55"]
[Site "Internet Chess Club"]
[Date "2012.12.11"]
[Round "4"]
[White "sockmonkey"]
[Black "Aquaman"]
[Result "1-0"]
[WhiteElo "1492"]
[BlackElo "1323"]
[Opening "Modern defense"]
[ECO "A40"]
[Time "15:00:20"]
[TimeControl "2700+45"]

1. d4 g6 2. Nf3 Bg7 3. Bf4 d6 4. Nbd2 Nd7 5. e4 e5 6. dxe5 dxe5 7. Bg5 Ngf6 8.
Nc4 Qe7 9. c3 O-O 10. Bd3 b6 11. O-O Bb7 12. b4 Rac8 13. Re1 Qe6 14. Bxf6 Bxf6
15. Ne3 Rcd8 16. Qa4 Ra8 17. Rad1 Nb8 18. Bc4 Qe7 19. Qc2 c6 20. Ng4 Bg7 21. Qd2
b5 22. Bb3 Bc8 23. Nh6+ Kh8 24. Nxf7+ Rxf7 25. Bxf7 Qxf7 26. Qd8+ Qf8 27. Qxf8+
Bxf8 28. Rd8 Nd7 29. Rd1 Kg7 30. R1xd7+ Bxd7 31. Rxa8 Kf6 32. Rxf8+ Kg7 33. Ra8
Kh6 34. Nxe5 Be6 35. Rxa7 g5 36. Nxc6 {Black resigns} 1-0

[Event "Team 45 45 League T55"]
[Site "Internet Chess Club"]
[Date "2012.12.08"]
[Round "4"]
[White "PawnPusher3"]
[Black "LazyPeon"]
[Result "1-0"]
[WhiteElo "1782"]
[BlackElo "1781"]
[Opening "Ruy Lopez: closed"]
[ECO "C90"]
[Time "15:29:54"]
[TimeControl "2700+45"]

1. e4 e5 2. Nf3 Nc6 3. Bb5 a6 4. Ba4 Nf6 5. O-O Be7 6. Re1 b5 7. Bb3 d6 8. c3
Bg4 9. h3 Bh5 10. d3 O-O 11. Nbd2 Na5 12. Bc2 c5 13. Nf1 Nc6 14. Ng3 Bxf3 15.
Qxf3 g6 16. Bh6 Re8 17. Bb3 Bf8 18. Bg5 Bg7 19. Bxf6 Qxf6 20. Qxf6 Bxf6 21. Re3
Na5 22. Bd5 Ra7 23. Rf3 Bg7 24. b4 {Black resigns} 1-0